 Dungeon Crawl Stone Soup version 0.27-a0-1140-g099f9bb0e8 (webtiles) character file.

Game seed: 7662251387568004766

5556 bilbop the Thaumaturge (level 10, -6/72 HPs)
             Began as a Djinni Venom Mage on May 9, 2021.
             Was a Follower of Makhleb.
             Mangled by a wight
             ... wielding a +0 war axe
              (9 damage)
             ... on level 8 of the Dungeon.
             The game lasted 01:13:06 (11293 turns).

bilbop the Thaumaturge (Djinni Venom Mage)         Turns: 11293, Time: 01:13:06

Health: -6/72      AC:  7    Str:  7    XL:     10   Next: 71%
Gold:   379        EV: 11    Int: 18    God:    Makhleb [*.....] SH:  0 Dex: 16

rFire    + . .     SeeInvis .   a - +0 short sword (holy)
rCold    + . .     Faith    .   (no shield)
rNeg     + . .     Spirit   .   D - +3 leather armour {rC+}
rPois    ∞         Reflect  .   (no helmet)
rElec    .         Harm     .   z - +0 cloak
rCorr    .         Rampage  .   (no gloves)
Will     +....                  (boots unavailable)
Stlth    +++.......             (no amulet)
HPRegen  0.22/turn              q - ring of positive energy
MPRegen  0.00/turn              s - ring of ice

@: flying
A: sickness immunity, fire resistance 2, cold vulnerability 1, float, innate
caster, hp casting, extra vitality 1
a: Renounce Religion


You were on level 8 of the Dungeon.
You worshipped Makhleb.
Makhleb was aware of your devotion.
You visited 2 branches of the dungeon, and saw 9 of its levels.

You collected 401 gold pieces.
You spent 22 gold pieces at shops.

Inventory:

Hand Weapons
 a - a +0 short sword of holy wrath (weapon)
 b - a +0 dagger of venom
 c - a +0 club
 B - a +0 dagger
Missiles
 r - 8 curare-tipped darts
Armour
 g - a +0 robe
 n - a +0 leather armour
 p - a +2 kite shield
 y - +0 steam dragon scales
 z - a +0 cloak (worn)
 D - a +3 leather armour of cold resistance (worn)
Jewellery
 q - a ring of positive energy (left hand)
 s - a ring of ice (right hand)
Wands
 m - a wand of iceblast (12)
 t - a wand of paralysis (12)
 x - a wand of flame (26)
 A - a wand of digging (5)
 C - a wand of polymorph (6)
Scrolls
 f - 3 scrolls of teleportation
 i - a scroll of enchant weapon
 k - a scroll of silence
 o - a scroll of fear {unknown}
 u - a scroll of acquirement {unknown}
 v - a scroll of enchant armour {unknown}
Potions
 d - 3 potions of curing {unknown}
 e - a potion of degeneration {unknown}
 h - 2 potions of heal wounds {unknown}
 j - a potion of brilliance {unknown}
 l - 2 potions of flight {unknown}
 w - 2 potions of lignification {unknown}


   Skills:
 + Level 6.1 Fighting
 + Level 5.4 Short Blades
 - Level 2.1 Dodging
 + Level 5.9 Stealth
 + Level 4.8 Shields
 * Level 8.0 Spellcasting
 + Level 4.8 Invocations


You had 3 spell levels left.
You knew the following spells:

 Your Spells              Type           Power      Damage    Failure   Level
a - Sting                 Tmut/Pois      100%       1d8       1%          1
b - Poisonous Vapours     Pois/Air       72%        N/A       1%          2
c - Mephitic Cloud        Conj/Pois/Air  36%        N/A       1%          3
d - Ignite Poison         Fire/Tmut/Pois 36%        N/A       1%          3
e - Olgreb's Toxic Radia  Pois           36%        N/A       5%          4
f - Corona                Hex            40%        N/A       1%          1
g - Blink                 Tloc           N/A        N/A       1%          2
h - Dazzling Flash        Conj/Hex       72%        N/A       1%          3
i - Call Canine Familiar  Summ           36%        N/A       1%          3
Your spell library was empty.

Dungeon Overview and Level Annotations

Branches:
Dungeon (8/15)             Temple (1/1) D:4
   Lair: D:8-11

Altars:
Cheibriados
Elyvilon
Fedhas
Gozag
Hepliaklqana
Kikubaaqudgha
Makhleb
Nemelex Xobeh
Okawaru
Qazlal
Ru
Sif Muna
Trog
Uskayaw
Vehumet
Wu Jian
Xom
Yredelemnul
Zin
The Shining One

Shops:
D:2 *

Annotations:
D:6 1 runed translucent door, Mels's ghost, novice GnFi


Innate Abilities, Weirdness & Mutations

You are immune to sickness and miasma.
You are immune to poison.
Your flesh is very heat resistant. (rF++)
You are vulnerable to cold. (rC-)
You float through the air rather than walking.
You learn spells naturally, not from books.
Your magical power is your life essence.
You have superior vitality. (+4 HP)


Message History

You destroy the wight!
Makhleb accepts your kill.
The wight is engulfed in blazing flames.
You are too injured to fight recklessly!
You are too injured to fight recklessly!
You hit the wight but do no damage.
The wight is severely damaged.
You hit the wight but do no damage.
The wight is severely damaged.
The wight hits you with a +0 war axe.
You barely miss the wight.
The wight is severely damaged.
The wight closely misses you.
Your magical contamination has completely faded away.
You hit the wight.
The wight convulses.
The wight is almost destroyed.
The wight hits you with a +0 war axe!
You hit the wight but do no damage.
The wight is almost destroyed.
The wight hits you with a +0 war axe!
* * * LOW HITPOINT WARNING * * *
You completely miss the wight.
The wight is almost destroyed.
The wight closely misses you.
You barely miss the wight.
The wight is almost destroyed.
You barely miss the wight.
The wight is almost destroyed.
The wight hits you but does no damage.
You hit the wight but do no damage.
The wight is almost destroyed.
The wight hits you with a +0 war axe!
* * * LOW HITPOINT WARNING * * *
You hit the wight but do no damage.
The wight is almost destroyed.
The wight hits you but does no damage.
You hit the wight but do no damage.
The wight is almost destroyed.
The wight hits you with a +0 war axe!
You die...

.......#### ##....
##
..[....$..##......
#.
.................
#.
...#.<†........#
#. ....))........#
## ..............#
# ..............#
####...###)z.##
#### #.@.# ##..#
##..# #...##
#....# #....## #.
##....## #..
##....####..#
###.......#


You could see a wight.

Vanquished Creatures
  An ugly thing (D:6)
  A manticore (D:6)
  Joseph (D:8)
  A hornet (D:7)
  Sigmund (D:4)
  5 yaks (D:6)
  A steam dragon (D:6)
  Edmund (D:4)
  3 water moccasins
  4 orc warriors
  2 sky beasts (D:7)
  2 ogres (D:4)
  2 ice beasts (D:6)
  2 phantoms
  6 bullfrogs
  2 water moccasin zombies (D:5)
  A scorpion (D:5)
  3 killer bees (D:8)
  3 wights (D:8)
  A vampire bat (D:3)
  A howler monkey (D:6)
  5 orc priests
  A jelly (D:6)
  A centaur skeleton (D:6)
  A bullfrog skeleton (D:6)
  Jessica (D:2)
  2 iguanas
  6 orc wizards
  A hound skeleton (D:4)
  4 gnolls (D:2)
  8 adders
  2 white imps
  2 ufetubi (D:5)
  A worm (D:4)
  2 dart slugs
  19 orcs
  6 bats
  4 bat skeletons (D:3)
  2 bat zombies (D:3)
  4 endoplasms
  7 giant cockroaches
  13 goblins
  6 hobgoblins
  3 quokkas
  4 ball pythons
  2 frilled lizards
  12 kobolds
  3 rats
166 creatures vanquished.

Vanquished Creatures (collateral kills)
  A necrophage (D:7)
  2 wyvern skeletons
  2 centaur skeletons (D:7)
  A killer bee zombie (D:8)
  2 white imps
  3 orcs (D:7)
11 creatures vanquished.

Grand Total: 177 creatures vanquished

Notes
Turn   | Place    | Note
-------+----------+-------------------------------------------
     0 | D:1      | bilbop the Djinni Venom Mage began the quest for the Orb.
     0 | D:1      | Reached XP level 1. HP: 15/15 MP: 0/0
   253 | D:1      | Reached XP level 2. HP: 13/22 MP: 0/0
   432 | D:1      | Reached skill level 3 in Spellcasting
   861 | D:1      | You are sucked into a shaft and drop 1 floor!
   903 | D:2      | Reached skill level 1 in Fighting
   903 | D:2      | Reached XP level 3. HP: 22/27 MP: 0/0
   903 | D:2      | Learned a level 1 spell: Corona
  1354 | D:2      | Noticed Jessica
  1359 | D:2      | Killed Jessica
  1360 | D:2      | Reached XP level 4. HP: 15/32 MP: 0/0
  1639 | D:2      | Reached skill level 1 in Short Blades
  1959 | D:2      | Found Tofi's General Store.
  1963 | D:2      | Bought a scroll of identify for 22 gold pieces
  2217 | D:2      | Reached XP level 5. HP: 23/38 MP: 0/0
  2217 | D:2      | Learned a level 2 spell: Blink
  3392 | D:3      | Found a hazy altar of Hepliaklqana.
  3554 | D:3      | Reached skill level 4 in Spellcasting
  3839 | D:3      | Reached XP level 6. HP: 35/43 MP: 0/0
  4467 | D:4      | Reached XP level 7. HP: 19/50 MP: 0/0
  4467 | D:4      | Learned a level 3 spell: Dazzling Flash
  4677 | D:4      | Noticed Edmund
  4683 | D:4      | Killed Edmund
  4684 | D:4      | Reached skill level 5 in Spellcasting
  5097 | D:4      | Found a staircase to the Ecumenical Temple.
  5156 | Temple   | Entered the Ecumenical Temple
  5399 | Temple   | Became a worshipper of Makhleb the Destroyer
  5594 | D:4      | Noticed Sigmund
  5597 | D:4      | Killed Sigmund
  6063 | D:5      | Entered Level 5 of the Dungeon
  6098 | D:5      | Reached skill level 1 in Shields
  6098 | D:5      | Reached skill level 1 in Invocations
  6098 | D:5      | Reached XP level 8. HP: 35/57 MP: 0/0
  6936 | D:6      | Noticed a yak
  6937 | D:6      | Noticed a yak
  6938 | D:6      | Killed a yak
  6939 | D:6      | Noticed a yak
  6940 | D:6      | Noticed a yak
  6943 | D:6      | Killed a yak
  6943 | D:6      | Killed a yak
  6943 | D:6      | Reached * piety under Makhleb
  6944 | D:6      | Reached skill level 6 in Spellcasting
  6944 | D:6      | Reached XP level 9. HP: 39/63 MP: 0/0
  6944 | D:6      | Learned a level 3 spell: Call Canine Familiar
  7804 | D:6      | Noticed a gargoyle
  7804 | D:6      | Noticed a white ugly thing
  7936 | D:6      | Noticed a manticore
  7940 | D:6      | Killed a manticore
  7941 | D:6      | Reached skill level 5 in Fighting
  7941 | D:6      | Reached skill level 5 in Stealth
  8192 | D:6      | Found a runed translucent door.
  8192 | D:6      | Found a shimmering altar of Xom.
  8192 | D:6      | Noticed Mels's ghost (novice GnFi)
  8253 | D:6      | Reached skill level 7 in Spellcasting
  8285 | D:6      | Killed a white ugly thing
  8286 | D:6      | Reached XP level 10. HP: 23/70 MP: 0/0
  8982 | D:6      | HP: 1/70 [wyvern skeleton (12)]
  9423 | D:7      | Reached skill level 5 in Short Blades
 10088 | D:7      | Found a blossoming altar of Fedhas.
 10919 | D:8      | Noticed Joseph
 10928 | D:8      | Killed Joseph
 11277 | D:8      | Reached skill level 8 in Spellcasting
 11291 | D:8      | HP: 3/72 [wight/+0 war axe (10)]
 11293 | D:8      | Mangled by a wight

Illustrated notes

Levels and vault maps discovered:
D:1:      tarquinn_simple_flora_water_f, layout_loops_cross
D:2:      kennysheep_the_goblin_king, layout_loops_ring, serial_shops, shop,
          uniq_jessica
D:3:      layout_loops_ring, kennysheep_vampire_church, lemuel_crystal_altar,
          grunt_ministairs_15, minmay_diced_spiral
D:4:      layout_rooms, minmay_temple_entry_overgrown,
          chequers_serial_rivers_micro_d, minmay_misc_feat_more_columns,
          sigmund_edmund_badplayer
D:5:      layout_rooms
D:6:      minmay_chambers_of_fours, layout_cave_pools, ebering_ghost_xom,
          kb_rosetta
D:7:      layout_cave_pods, kennysheep_mini, minmay_ruined_shrine
D:8:      layout_layer_cave, minmay_sticks_and_stones
Temple:   eino_temple_scatter_basement

Skill      XL: |  1  2  3  4  5  6  7  8  9 10 |
---------------+-------------------------------+-----
Spellcasting   | 3 4 5 6 7 8 |  8.0
Fighting       | 1 2 3 4 5 6 |  6.1
Stealth        | 2 3 4 5 |  5.9
Short Blades   | 1 2 3 4 5 |  5.4
Shields        | 1 2 3 4 |  4.8
Invocations    | 1 2 4 |  4.8
Dodging        | |  2.1

Action                   |  1- 3 |  4- 6 |  7- 9 | 10-12 || total
-------------------------+-------+-------+-------+-------++-------
Melee: Club              |     8 |       |       |       ||     8
       Short sword       |    39 |    90 |   103 |    95 ||   327
       Dagger            |    16 |     5 |     5 |       ||    26
 Cast: Sting             |    10 |    17 |     4 |     8 ||    39
       Poisonous Vapours |     4 |    35 |    33 |    21 ||    93
       Mephitic Cloud    |       |     5 |    11 |    14 ||    30
       Ignite Poison     |       |    14 |    32 |    25 ||    71
       Corona            |       |     1 |     2 |     3 ||     6
       Olgreb's Toxic Ra |       |       |     2 |     3 ||     5
       Dazzling Flash    |       |       |     1 |       ||     1
       Call Canine Famil |       |       |     9 |    11 ||    20
  Use: Scroll            |       |     2 |     3 |       ||     5
 Stab: Sleeping          |     5 |     6 |     3 |       ||    14
       Invisible         |       |       |     2 |       ||     2
       Distracted        |       |       |     2 |     2 ||     4
       Confused          |       |       |     1 |       ||     1
Armor: Robe              |    13 |    11 |       |       ||    24
       Leather armour    |       |    42 |    33 |     2 ||    77
       Steam dragon scal |       |       |       |    31 ||    31
Dodge: Dodged            |    44 |   108 |    59 |    58 ||   269

Table legend: (Time is in decaauts)
 A = Elapsed time spent in this place.
 B = Non-inter-level travel time spent in this place.
 C = Inter-level travel time spent in this place.
 D = Time resting spent in this place.
 E = Time spent auto-exploring this place.
 F = Levels seen in this place.
 G = Mean time per level.
                   A        B        C        D        E       F      G
               +--------+--------+--------+--------+--------+-----+--------+
         Total |  11264 |  10867 |    397 |   4777 |   4799 |   9 | 1251.6 |
       Dungeon |  11007 |  10658 |    349 |   4777 |   4598 |   8 | 1375.9 |
        Temple |    256 |    208 |     48 |      0 |    201 |   1 |  256.0 |
               +--------+--------+--------+--------+--------+-----+--------+

Top non-repeatable levels by time:
     D:6: 2453 daAuts
     D:4: 1807 daAuts
     D:7: 1512 daAuts
     D:1: 1397 daAuts
     D:2: 1322 daAuts
     D:3: 1273 daAuts
     D:5: 869 daAuts
     D:8: 370 daAuts
  Temple: 256 daAuts
